 Dungeon Crawl Stone Soup version 0.30-a0-778-g2ef04afb54 (webtiles) character file.

Game seed: 17749303187921851309

159 BRD the Skirmisher (level 5, -5/64 HPs)
             Began as a Gnoll Hunter on Feb 15, 2023.
             Slain by Duvessa
             ... wielding a +0 short sword of protection
              (6 damage)
             ... on level 4 of the Dungeon.
             The game lasted 00:04:16 (1928 turns).

BRD the Skirmisher (Gnoll Hunter)                   Turns: 1928, Time: 00:04:16

Health: -5/64      AC: 22    Str:  7 (8)  XL:     5   Next: 40%
Magic:  7/7        EV:  2    Int: 17      God:
Gold:   160        SH:  0    Dex: 15      Spells: 7/7 levels left

rFire   . . .      SeeInvis .    l - +4 short sword
rCold   . . .      Faith    .    (no shield)
rNeg    . . .      Spirit   .    (body armour currently unavailable)
rPois   +          Reflect  .    (helmet currently unavailable)
rElec   .          Harm     .    (cloak currently unavailable)
rCorr   .          Rampage  .    (gloves currently unavailable)
Will    .....      NoTele   +    (boots currently unavailable)
Stlth   ++                       (no amulet)
HPRegen 0.30/turn                p - +6 ring of intelligence
MPRegen 0.10/turn                (no ring)

@: tree-form (expiring)
A: stationary, stasis, torment immunity, boosted hp, (fangs 1), strong nose,
distributed training, deterioration 1, weak 1
a: no special abilities


You were on level 4 of the Dungeon.
You were a tree.
You visited 1 branch of the dungeon, and saw 4 of its levels.

You collected 160 gold pieces.

Inventory:

Hand Weapons
 a - a +0 shortbow
 l - a +4 short sword (weapon)
Missiles
 d - 6 javelins
Armour
 c - a +0 leather armour (melded)
 e - a +0 helmet (melded)
 s - a +0 cloak (melded)
Jewellery
 p - a +6 ring of intelligence (left branch)
Scrolls
 b - a scroll of immolation
 g - 2 scrolls of noise {unknown}
 h - a scroll of summoning {unknown}
 k - a scroll of brand weapon {unknown}
 m - 2 scrolls of fear {unknown}
 n - a scroll of vulnerability {unknown}
 o - 8 scrolls of identify {unknown}
 r - 2 scrolls of teleportation {unknown}
 t - a scroll of amnesia {unknown}
Potions
 q - a potion of brilliance {unknown}


   Skills:
 + Level 4.8 Fighting
 + Level 1.5 Short Blades
 + Level 1.5 Long Blades
 + Level 1.5 Axes
 + Level 1.5 Maces & Flails
 + Level 1.5 Polearms
 + Level 1.5 Staves
 + Level 8.6 Ranged Weapons
 + Level 1.5 Throwing
 + Level 1.5 Armour
 + Level 4.8 Dodging
 + Level 2.8 Stealth
 + Level 1.5 Shields
 + Level 1.5 Unarmed Combat
 + Level 1.5 Spellcasting
 + Level 1.2 Conjurations
 + Level 1.2 Hexes
 + Level 1.2 Summonings
 + Level 1.2 Necromancy
 + Level 1.2 Translocations
 + Level 1.2 Transmutations
 + Level 1.2 Fire Magic
 + Level 1.2 Ice Magic
 + Level 1.2 Air Magic
 + Level 1.2 Earth Magic
 + Level 1.2 Poison Magic
 + Level 1.7 Invocations
 + Level 1.5 Evocations


You had 7 spell levels left.
You didn't know any spells.
Your spell library was empty.

Dungeon Overview and Level Annotations

Branches:
Dungeon (4/15)
 Temple: D:4-7

Altars:
Ashenzari
Elyvilon
Nemelex Xobeh
Qazlal

Shops:
D:3 =

Annotations:
D:4 Dowan, Duvessa


Innate Abilities, Weirdness & Mutations

You are a tree.
Your roots penetrate the ground, keeping you stationary.
You cannot be teleported.
You are immune to unholy pain and torment.
Your maximum health is greatly increased.
Your equipment is partially melded.
((You have very sharp teeth.))
Your uncanny sense of smell can sniff out nearby items.
Your experience applies equally to all skills.
Your body sometimes deteriorates upon taking damage.
You are weak. (Str -2)


Message History

It was a potion of lignification.
You turn into a tree.
Your +0 cloak melds into your body.
Your +0 helmet melds into your body.
Your +0 leather armour melds into your body.
Your roots penetrate the ground.
Duvessa zaps a wand.
The puff of flame hits you but does no damage.
You hit Duvessa but do no damage.
Duvessa is moderately wounded.
Duvessa hits you but does no damage.
You hit Duvessa.
Duvessa is heavily wounded.
Duvessa hits you but does no damage.
You hit Duvessa.
Duvessa is heavily wounded.
Duvessa completely misses you.
You barely miss Duvessa.
Duvessa is heavily wounded.
Duvessa zaps a wand.
The puff of flame hits you but does no damage.
You hit Duvessa but do no damage.
Duvessa is heavily wounded.
Duvessa hits you but does no damage.
You hit Duvessa.
Duvessa is heavily wounded.
Duvessa hits you with a +0 short sword of protection!
* * * LOW HITPOINT WARNING * * *
Your body deteriorates!
You feel weakened.
You hit Duvessa but do no damage.
Duvessa is heavily wounded.
Your transformation is almost over.
You hit Duvessa but do no damage.
Duvessa is heavily wounded.
Duvessa hits you with a +0 short sword of protection.
* * * LOW HITPOINT WARNING * * *
You hit Duvessa but do no damage.
Duvessa is heavily wounded.
Duvessa hits you but does no damage.
You hit Duvessa but do no damage.
Duvessa is heavily wounded.
Duvessa hits you with a +0 short sword of protection.
You die...

..........#
..........#
..........# ∆
#........#
+........#
#.....)..##
#.....<...#
#.........#
#.......♣.#
#.......e.#
#.......†.#
#.........#
+.........#
#.........#####
##.........(...
#.............
#.............


You could see Duvessa.

Vanquished Creatures
  A necrophage (D:3)
  3 adders
  4 dart slugs
  3 orcs (D:3)
  9 ball pythons
  5 bats
  3 endoplasms (D:2)
  3 giant cockroaches
  4 goblins
  5 hobgoblins
  6 kobolds
  8 quokkas
  3 frilled lizards
  7 rats
64 creatures vanquished.

Notes
Turn   | Place    | Note
-------+----------+-------------------------------------------
     0 | D:1      | BRD the Gnoll Hunter began the quest for the Orb.
     0 | D:1      | Reached XP level 1. HP: 20/20 MP: 1/1
   131 | D:1      | Reached XP level 2. HP: 26/26 MP: 2/2
   312 | D:1      | Found a faded altar of an unknown god.
   364 | D:1      | Reached XP level 3. HP: 31/31 MP: 3/3
   513 | D:1      | Reached skill level 1 in Invocations
   856 | D:2      | Reached skill level 1 in Short Blades
   856 | D:2      | Reached skill level 1 in Long Blades
   856 | D:2      | Reached skill level 1 in Axes
   856 | D:2      | Reached skill level 1 in Maces & Flails
   856 | D:2      | Reached skill level 1 in Polearms
   856 | D:2      | Reached skill level 1 in Staves
   856 | D:2      | Reached skill level 1 in Throwing
   856 | D:2      | Reached skill level 1 in Armour
   856 | D:2      | Reached skill level 1 in Shields
   856 | D:2      | Reached skill level 1 in Unarmed Combat
   856 | D:2      | Reached skill level 1 in Spellcasting
   856 | D:2      | Reached skill level 1 in Evocations
   920 | D:2      | Reached XP level 4. HP: 33/38 MP: 5/5
  1209 | D:3      | Found a broken altar of Ashenzari.
  1215 | D:3      | Found Bipn's Jewellery Shop.
  1232 | D:3      | Found a white marble altar of Elyvilon.
  1243 | D:3      | Reached skill level 1 in Conjurations
  1243 | D:3      | Reached skill level 1 in Hexes
  1243 | D:3      | Reached skill level 1 in Summonings
  1243 | D:3      | Reached skill level 1 in Necromancy
  1243 | D:3      | Reached skill level 1 in Translocations
  1243 | D:3      | Reached skill level 1 in Transmutations
  1243 | D:3      | Reached skill level 1 in Fire Magic
  1243 | D:3      | Reached skill level 1 in Ice Magic
  1243 | D:3      | Reached skill level 1 in Air Magic
  1243 | D:3      | Reached skill level 1 in Earth Magic
  1243 | D:3      | Reached skill level 1 in Poison Magic
  1258 | D:3      | Found a sparkling altar of Nemelex Xobeh.
  1278 | D:3      | Found a stormy altar of Qazlal.
  1597 | D:3      | Noticed a necrophage
  1609 | D:3      | Killed a necrophage
  1610 | D:3      | Reached XP level 5. HP: 43/43 MP: 5/7
  1654 | D:3      | Noticed an ogre
  1833 | D:4      | Noticed Duvessa
  1833 | D:4      | Noticed Dowan
  1911 | D:4      | Gained mutation: Your body sometimes deteriorates upon
                  | taking damage. [potion of mutation]
  1911 | D:4      | Gained mutation: You are weak. (Str -2) [potion of
                  | mutation]
  1926 | D:4      | HP: 1/64 [Duvessa/+0 short sword of protection (6)]
  1928 | D:4      | Slain by Duvessa

Illustrated notes

Levels and vault maps discovered:
D:1:      zaba_arrival_water, layout_basic, chequers_ecumenical_altar_lobes,
          st_stairs_1, nicolae_eternal_life
D:2:      layout_rooms
D:3:      layout_basic, grunt_qazlal_clouds, overflow_temple_1_default,
          elyvilon_altar_5, cheibrodos_ashenzari_chains, serial_shops, shop
D:4:      layout_gridville, overflow_temple_1_default,
          eat_drink_and_be_merry_uskayaw, uniq_crazy_yiuf_cottage, uniq_grinder,
          uniq_duvessa, uniq_eustachio

Skill      XL: |  1  2  3  4 |
---------------+-------------+-----
Invocations    | 1 |  1.7
Short Blades   | 1 |  1.5
Long Blades    | 1 |  1.5
Axes           | 1 |  1.5
Maces & Flails | 1 |  1.5
Polearms       | 1 |  1.5
Staves         | 1 |  1.5
Throwing       | 1 |  1.5
Armour         | 1 |  1.5
Shields        | 1 |  1.5
Unarmed Combat | 1 |  1.5
Spellcasting   | 1 |  1.5
Evocations     | 1 |  1.5
Conjurations   | 1 |  1.2
Hexes          | 1 |  1.2
Summonings     | 1 |  1.2
Necromancy     | 1 |  1.2
Translocations | 1 |  1.2
Transmutations | 1 |  1.2
Fire Magic     | 1 |  1.2
Ice Magic      | 1 |  1.2
Air Magic      | 1 |  1.2
Earth Magic    | 1 |  1.2
Poison Magic   | 1 |  1.2
Fighting       | |  4.8
Ranged Weapons | |  8.6
Dodging        | |  4.8
Stealth        | |  2.8

Action                     |  1- 3 |  4- 6 || total
---------------------------+-------+-------++-------
  Melee: Short sword       |       |    21 ||    21
         Bite              |       |     1 ||     1
   Fire: Shortbow          |   118 |    67 ||   185
    Use: Potion            |       |     3 ||     3
 Armour: Leather armour    |    10 |     2 ||    12
         Skin              |       |     6 ||     6
  Dodge: Dodged            |    28 |    19 ||    47

Table legend: (Time is in decaauts)
 A = Elapsed time spent in this place.
 B = Non-inter-level travel time spent in this place.
 C = Inter-level travel time spent in this place.
 D = Time resting spent in this place.
 E = Time spent auto-exploring this place.
 F = Levels seen in this place.
 G = Mean time per level.
                   A        B        C        D        E       F      G
               +--------+--------+--------+--------+--------+-----+--------+
         Total |   1955 |   1836 |    119 |      0 |   1373 |   4 |  488.8 |
       Dungeon |   1955 |   1836 |    119 |      0 |   1373 |   4 |  488.8 |
               +--------+--------+--------+--------+--------+-----+--------+

Top non-repeatable levels by time:
     D:1: 786 daAuts
     D:3: 653 daAuts
     D:2: 460 daAuts
     D:4: 54 daAuts
